3R
SURPRISE SHOCKERS @ FLINT CRUSH
06/10/2045
 
TOP OF THE 1ST
Surprise Shockers batting - Pitching for Flint Crush : LHP Cristo Sánchez
Pitching: LHP Cristo Sánchez
Batting: RHB Júlio Vega 0-0: Ball
1-0: Swinging Strike
1-1: SINGLE (Groundball, 6MS, EV 65.0 MPH) (infield hit)
Batting: RHB Kwi-tae Im 0-0: Called Strike
0-1: Ball
1-1: Ball
2-1: Called Strike
2-2: Grounds into double play, 6-4-3 (Groundball, 6, EV 85.0 MPH)
Batting: RHB Carl Hollamby 0-0: Ball
1-0: Called Strike
1-1: Fly out, F3 (Popup, 3F, EV 70.0 MPH)
Top of the 1st over - 0 runs, 1 hit, 0 errors, 0 left on base; Surprise 0 - Flint 0
BOTTOM OF THE 1ST
Flint Crush batting - Pitching for Surprise Shockers : RHP Jeffrey Wilson
Pitching: RHP Jeffrey Wilson
Batting: RHB Vincente Valentín 0-0: Called Strike
0-1: Ground out 6-3 (Groundball, 6, EV 104.4 MPH)
Batting: RHB Jung-min Ho 0-0: Foul Ball, location: 2F
0-1: Called Strike
0-2: Foul Ball, location: 2F
0-2: Strikes out swinging
Batting: LHB Enrico Dávila 0-0: Ball
1-0: Ball
2-0: Called Strike
2-1: Ball
3-1: Base on Balls
Batting: LHB Christian Harris Pickoff Throw to First - Out! 1-3
Bottom of the 1st over - 0 runs, 0 hits, 0 errors, 0 left on base; Surprise 0 - Flint 0
TOP OF THE 2ND
Surprise Shockers batting - Pitching for Flint Crush : LHP Cristo Sánchez
Batting: RHB César Chávez 0-0: Swinging Strike
0-1: Foul Ball, location: 2F
0-2: Foul Ball, location: 2F
0-2: Foul Ball, location: 2F
0-2: Ball
1-2: Fly out, F8 (Flyball, 8RD, EV 106.9 MPH)
Batting: RHB Silvio van Dalen 0-0: Called Strike
0-1: Foul Ball, location: 2F
0-2: DOUBLE (Line Drive, 8RXD, EV 102.5 MPH)
Batting: RHB Teo Vonhof 0-0: Called Strike
0-1: Ball
1-1: Called Strike
1-2: 2-RUN HOME RUN (Flyball, 7LD, EV 92.5 MPH), Distance : 344 ft
Batting: RHB Kyle Harris 0-0: Ball
1-0: Ball
2-0: Ball
3-0: Called Strike
3-1: Fly out, F7 (Flyball, 7, EV 80.0 MPH)
Batting: RHB Takechi Estribera 0-0: Ball
1-0: Swinging Strike
1-1: Called Strike
1-2: SINGLE (Groundball, 6MD, EV 111.2 MPH)
Batting: LHB Raymond Evans 0-0: Ground out U3 (Groundball, 34S, EV 86.2 MPH)
Top of the 2nd over - 2 runs, 3 hits, 0 errors, 1 left on base; Surprise 2 - Flint 0
BOTTOM OF THE 2ND
Flint Crush batting - Pitching for Surprise Shockers : RHP Jeffrey Wilson
Batting: LHB Christian Harris 0-0: Ball
1-0: Foul Ball, location: 2F
1-1: Foul Ball, location: 2F
1-2: Ball
2-2: Ball
3-2: Base on Balls
Batting: SHB Mario Torres 0-0: SINGLE (Groundball, 4, EV 99.4 MPH)
Christian Harris to second
Runner from 2nd tries for 3rd, SAFE, throw by CF made to third
Batting: RHB Zachary Spilsbury 0-0: Called Strike
0-1: Ground out U3 (Groundball, 34S, EV 67.5 MPH)
Christian Harris scores
Mario Torres to second
Batting: RHB Visa Koskenkorva 0-0: Ball
1-0: Called Strike
1-1: Ball
2-1: Foul Ball, location: 2F
2-2: Strikes out swinging
Batting: RHB Emosi Kolora 0-0: Foul Ball, location: 2F
0-1: Fly out, F6 (Flyball, 56D, EV 77.5 MPH)
Bottom of the 2nd over - 1 run, 1 hit, 0 errors, 1 left on base; Surprise 2 - Flint 1
TOP OF THE 3RD
Surprise Shockers batting - Pitching for Flint Crush : LHP Cristo Sánchez
Batting: RHB Júlio Vega 0-0: Ground out 4-3 (Groundball, 4, EV 108.8 MPH)
Batting: RHB Kwi-tae Im 0-0: Called Strike
0-1: Ground out 6-3 (Groundball, 6S, EV 85.6 MPH)
Batting: RHB Carl Hollamby 0-0: SINGLE (Line Drive, 34D, EV 98.1 MPH)
Batting: RHB César Chávez 0-0: Called Strike
0-1: Swinging Strike
0-2: Strikes out swinging
Top of the 3rd over - 0 runs, 1 hit, 0 errors, 1 left on base; Surprise 2 - Flint 1
BOTTOM OF THE 3RD
Flint Crush batting - Pitching for Surprise Shockers : RHP Jeffrey Wilson
Batting: RHB Ho-jun Sin 0-0: Called Strike
0-1: Ball
1-1: Called Strike
1-2: Ground out 5-3 (Groundball, 5, EV 105.0 MPH)
Batting: RHB Vincente Valentín 0-0: Called Strike
0-1: Ball
1-1: Ground out 6-3 (Groundball, 56, EV 86.9 MPH)
Batting: RHB Jung-min Ho 0-0: Ground out 5-3 (Groundball, 56, EV 89.4 MPH)
Bottom of the 3rd over - 0 runs, 0 hits, 0 errors, 0 left on base; Surprise 2 - Flint 1
TOP OF THE 4TH
Surprise Shockers batting - Pitching for Flint Crush : LHP Cristo Sánchez
Batting: RHB Silvio van Dalen 0-0: Ball
1-0: Ground out 5-3 (Groundball, 56S, EV 75.0 MPH)
Batting: RHB Teo Vonhof 0-0: Ball
1-0: Foul Ball, location: 2F
1-1: Foul Ball, location: 2F
1-2: Ground out 6-3 (Groundball, 6, EV 100.6 MPH)
Batting: RHB Kyle Harris 0-0: Swinging Strike
0-1: Ball
1-1: Swinging Strike
1-2: Ground out 4-3 (Groundball, 4, EV 93.1 MPH)
Top of the 4th over - 0 runs, 0 hits, 0 errors, 0 left on base; Surprise 2 - Flint 1
BOTTOM OF THE 4TH
Flint Crush batting - Pitching for Surprise Shockers : RHP Jeffrey Wilson
Batting: LHB Enrico Dávila 0-0: Ball
1-0: Ground out 6-3 (Groundball, 6, EV 91.2 MPH)
Batting: LHB Christian Harris 0-0: Ball
1-0: Ball
2-0: Called Strike
2-1: SINGLE (Groundball, 56S, EV 70.6 MPH) (infield hit)
Batting: SHB Mario Torres 0-0: Ball
1-0: Ball
2-0: Swinging Strike
2-1: Ball
3-1: Foul Ball, location: 2F
3-2: Base on Balls
Christian Harris to second
Batting: RHB Zachary Spilsbury 0-0: Ball
1-0: Foul Ball, location: 2F
1-1: Ball
2-1: SINGLE (Line Drive, 78S, EV 107.5 MPH)
Christian Harris to third
Mario Torres to second
Batting: RHB Visa Koskenkorva 0-0: Foul Ball, location: 2F
0-1: Called Strike
0-2: Ball
1-2: Ball
2-2: Ball
3-2: Foul Ball, location: 2F
3-2: Fielders Choice at 2nd, 5-4 (Groundball, 56, EV 108.8 MPH)
Christian Harris scores
Mario Torres to third
Batting: RHB Emosi Kolora 0-0: Called Strike
0-1: Called Strike
0-2: Foul Ball, location: 2F
0-2: Strikes out swinging
Bottom of the 4th over - 1 run, 2 hits, 0 errors, 2 left on base; Surprise 2 - Flint 2
TOP OF THE 5TH
Surprise Shockers batting - Pitching for Flint Crush : LHP Cristo Sánchez
Batting: RHB Takechi Estribera 0-0: Ball
1-0: Ground out 5-3 (Groundball, 56, EV 108.8 MPH)
Batting: LHB Raymond Evans 0-0: Ball
1-0: SINGLE (Flyball, 89S, EV 89.4 MPH) - OUT at second base trying to stretch hit.
Batting: RHB Júlio Vega 0-0: Fly out, F9 (Line Drive, 9, EV 88.8 MPH)
Top of the 5th over - 0 runs, 1 hit, 0 errors, 0 left on base; Surprise 2 - Flint 2
BOTTOM OF THE 5TH
Flint Crush batting - Pitching for Surprise Shockers : RHP Jeffrey Wilson
Batting: RHB Ho-jun Sin 0-0: Ball
1-0: Ball
2-0: Ground out 6-3 (Groundball, 6, EV 80.6 MPH)
Batting: RHB Vincente Valentín 0-0: Ground out 5-3 (Groundball, 56, EV 98.1 MPH)
Batting: RHB Jung-min Ho 0-0: Called Strike
0-1: Called Strike
0-2: Ground out 5-3 (Groundball, 5, EV 88.8 MPH)
Bottom of the 5th over - 0 runs, 0 hits, 0 errors, 0 left on base; Surprise 2 - Flint 2
TOP OF THE 6TH
Surprise Shockers batting - Pitching for Flint Crush : LHP Cristo Sánchez
Batting: RHB Kwi-tae Im 0-0: Called Strike
0-1: Called Strike
0-2: Ball
1-2: Strikes out looking
Batting: RHB Carl Hollamby 0-0: Called Strike
0-1: Fly out, F3 (Line Drive, 3, EV 70.0 MPH)
Batting: RHB César Chávez 0-0: Ball
1-0: Foul Ball, location: 2F
1-1: Fly out, F8 (Flyball, 8RXD, EV 89.4 MPH)
Top of the 6th over - 0 runs, 0 hits, 0 errors, 0 left on base; Surprise 2 - Flint 2
BOTTOM OF THE 6TH
Flint Crush batting - Pitching for Surprise Shockers : RHP Jeffrey Wilson
Batting: LHB Enrico Dávila 0-0: Called Strike
0-1: Swinging Strike
0-2: Strikes out swinging
Batting: LHB Christian Harris 0-0: Called Strike
0-1: Foul Ball, location: 2F
0-2: Ball
1-2: Strikes out swinging
Batting: SHB Mario Torres 0-0: Called Strike
0-1: Ball
1-1: Ball
2-1: Ball
3-1: Foul Ball, location: 2F
3-2: Ground out 4-3 (Groundball, 4S, EV 86.2 MPH)
Bottom of the 6th over - 0 runs, 0 hits, 0 errors, 0 left on base; Surprise 2 - Flint 2
TOP OF THE 7TH
Surprise Shockers batting - Pitching for Flint Crush : LHP Cristo Sánchez
Batting: RHB Silvio van Dalen 0-0: Ball
1-0: Called Strike
1-1: Ball
2-1: Called Strike
2-2: Ball
3-2: Foul Ball, location: 2F
3-2: Foul Ball, location: 2F
3-2: Base on Balls
Batting: RHB Teo Vonhof 0-0: Fly out, F8 (Flyball, 89M, EV 83.1 MPH)
Batting: RHB Kyle Harris 0-0: Foul Ball, location: 2F
0-1: Swinging Strike
0-2: Ball
1-2: Ball
2-2: Strikes out swinging
Batting: RHB Takechi Estribera 0-0: Ball
1-0: Ball
2-0: Ground out U3 (Groundball, 34, EV 101.9 MPH)
Top of the 7th over - 0 runs, 0 hits, 0 errors, 1 left on base; Surprise 2 - Flint 2
BOTTOM OF THE 7TH
Flint Crush batting - Pitching for Surprise Shockers : RHP Jeffrey Wilson
Batting: RHB Zachary Spilsbury 0-0: Ball
1-0: Ground out 6-3 (Groundball, 6, EV 101.2 MPH)
Batting: RHB Visa Koskenkorva 0-0: Called Strike
0-1: Ball
1-1: Called Strike
1-2: Foul Ball, location: 2F
1-2: SINGLE (Line Drive, 34D, EV 95.0 MPH)
Pitching: RHP Gelana Maitho
Batting: RHB Emosi Kolora 0-0: Foul Ball, location: 2F
0-1: Swinging Strike
0-2: Strikes out swinging
Pinch Hitting: LHB Ralph McDonald 0-0: Called Strike
0-1: Ball
1-1: Swinging Strike
1-2: Strikes out swinging
Bottom of the 7th over - 0 runs, 1 hit, 0 errors, 1 left on base; Surprise 2 - Flint 2
TOP OF THE 8TH
Surprise Shockers batting - Pitching for Flint Crush : LHP Cristo Sánchez
Now in CF: Ralph McDonald
Batting: LHB Raymond Evans 0-0: Called Strike
0-1: Called Strike
0-2: Ball
1-2: Ball
2-2: SINGLE (Groundball, 56S, EV 98.1 MPH)
Batting: RHB Júlio Vega 0-0: Bunted foul
0-1: Ball
1-1: Sac Bunt to 15S - play at first, batter OUT! 1-4
Raymond Evans to second
Batting: RHB Kwi-tae Im 0-0: Ball
1-0: Foul Ball, location: 2F
1-1: Ball
2-1: Swinging Strike
2-2: SINGLE (Flyball, 8LS, EV 90.0 MPH)
Raymond Evans to third
Runner from 3rd tries for Home, SAFE, throw by CF to home
Kwi-tae Im to second
Batting: RHB Carl Hollamby 0-0: Intentional Walk
Batting: RHB César Chávez 0-0: Ball
1-0: Ball
2-0: Ball
3-0: Called Strike
3-1: Called Strike
3-2: Fielders Choice at 2nd, 6-4 (Groundball, 6, EV 98.8 MPH)
Kwi-tae Im to third
Batting: RHB Silvio van Dalen 0-0: Called Strike
0-1: Called Strike
0-2: Fielders Choice at 2nd, 5-4 (Groundball, 56, EV 77.5 MPH)
Top of the 8th over - 1 run, 2 hits, 0 errors, 2 left on base; Surprise 3 - Flint 2
BOTTOM OF THE 8TH
Flint Crush batting - Pitching for Surprise Shockers : RHP Gelana Maitho
Batting: RHB Vincente Valentín 0-0: Foul Ball, location: 2F
0-1: Ball
1-1: Called Strike
1-2: Strikes out looking
Batting: RHB Jung-min Ho 0-0: Fly out, F9 (Line Drive, 9, EV 94.4 MPH)
Batting: LHB Enrico Dávila 0-0: Called Strike
0-1: Ball
1-1: Called Strike
1-2: Fly out, F6 (Line Drive, 6, EV 60.0 MPH)
Bottom of the 8th over - 0 runs, 0 hits, 0 errors, 0 left on base; Surprise 3 - Flint 2
TOP OF THE 9TH
Surprise Shockers batting - Pitching for Flint Crush : LHP Cristo Sánchez
Pitching: RHP James Spencer
Batting: SHB Calum MacKinlay 0-0: Ball
1-0: Fly out, F9 (Line Drive, 9, EV 93.1 MPH)
Pinch Hitting: LHB Joy-shan Tung 0-0: Ball
1-0: Foul Ball, location: 2F
1-1: Ground out U3 (Groundball, 34, EV 92.5 MPH)
Batting: RHB Takechi Estribera 0-0: Foul Ball, location: 2F
0-1: Ball
1-1: Ball
2-1: Fly out, F7 (Line Drive, 7, EV 95.0 MPH)
Top of the 9th over - 0 runs, 0 hits, 0 errors, 0 left on base; Surprise 3 - Flint 2
BOTTOM OF THE 9TH
Flint Crush batting - Pitching for Surprise Shockers : RHP Gelana Maitho
Pitching: RHP Hugh Mann
Now in LF: Lucas Lerwill
Batting: LHB Christian Harris 0-0: Ball
1-0: Ball
2-0: Ball
3-0: Called Strike
3-1: Base on Balls
Batting: SHB Mario Torres Balk!
Christian Harris to second
0-0: Swinging Strike
0-1: Foul Ball, location: 2F
0-2: Foul Ball, location: 2F
0-2: Strikes out swinging
Batting: RHB Zachary Spilsbury 0-0: Called Strike
0-1: Ball
1-1: Foul Ball, location: 2F
1-2: Ground out 3-1 (Groundball, 34, EV 108.1 MPH)
Christian Harris to third
Batting: RHB Visa Koskenkorva 0-0: Swinging Strike
0-1: Foul Ball, location: 2F
0-2: Ground out 6-3 (Groundball, 6, EV 105.6 MPH)
Bottom of the 9th over - 0 runs, 0 hits, 0 errors, 1 left on base; Surprise 3 - Flint 2
Wednesday, July 27th , 2022 - OOTP Baseball 22.12 Build 89